 Dungeon Crawl Stone Soup version 0.22-a0-558-gc224181 (webtiles) character file.

252 Amnesiac the Insei (level 5, -8/41 HPs)
             Began as a Mummy Monk on June 26, 2018.
             Mangled by an ogre
             ... wielding a +0 giant club
              (25 damage)
             ... on level 4 of the Dungeon.
             The game lasted 00:04:06 (3804 turns).

Amnesiac the Insei (Mummy Monk)                     Turns: 3804, Time: 00:04:06

Health: -8/41      AC:  1    Str: 14    XL:     5   Next: 89%
Magic:  5/5        EV: 13    Int: 10    God:
Gold:   101        SH:  0    Dex: 15    Spells: 4/4 levels left

rFire    . . .     SeeInvis .     - Unarmed
rCold    + . .     Gourm    .   (no shield)
rNeg     + + +     Faith    .   (no armour)
rPois    ∞         Spirit   .   (no helmet)
rElec    .         Reflect  .   a - +0 cloak
rCorr    .         Harm     .   (no gloves)
MR       .....                  (no boots)
Stlth    ++........             (no amulet)
HPRegen  0.13/turn              g - ring of protection from fire
MPRegen  0.09/turn              (no ring)

@: no status effects
A: no food or potions, fire vulnerability, cold resistance 1, negative energy
resistance 3, torment resistance, unbreathing
a: no special abilities


You were on level 4 of the Dungeon.
You were not hungry.

You visited 1 branch of the dungeon, and saw 4 of its levels.

You collected 101 gold pieces.

Inventory:

Armour
 a - a +0 cloak (worn)
Jewellery
 g - a ring of protection from fire (left hand)
Scrolls
 b - a scroll of magic mapping {!r}
 d - a scroll of remove curse {!r}


   Skills:
 - Level 3.0 Fighting
 - Level 2.4 Dodging
 - Level 1.5 Stealth
 + Level 5.5 Unarmed Combat


You had 4 spell levels left.
You didn't know any spells.
Your spell library was empty.

Dungeon Overview and Level Annotations

Branches:
Dungeon (4/15)
 Temple: D:4-7

Altars:
Elyvilon
Fedhas
Sif Muna
Vehumet


Innate Abilities, Weirdness & Mutations

You do not eat or drink.
Your flesh is vulnerable to fire.
You are immune to poison.
Your flesh is cold resistant. (rC+)
You are immune to negative energy. (rN+++)
You are immune to unholy pain and torment.
You can survive without breathing.


Message History

You hit the scorpion.
The scorpion is lightly wounded.
The scorpion stings you!
You hit the scorpion.
The scorpion is moderately wounded.
The scorpion closely misses you.
You closely miss the scorpion.
The scorpion is moderately wounded.
The scorpion stings you!
You hit the scorpion but do no damage.
The scorpion is moderately wounded.
The scorpion stings you.
You hit the scorpion but do no damage.
The scorpion is moderately wounded.
The scorpion barely misses you.
You hit the scorpion.
The scorpion is heavily wounded.
The scorpion stings you!
* * * LOW HITPOINT WARNING * * *
You punch the scorpion!
The scorpion is almost dead.
The scorpion stings you.
* * * LOW HITPOINT WARNING * * *
You are too injured to fight recklessly!
You are too injured to fight recklessly!
You are too injured to fight recklessly!
You are too injured to fight recklessly!
You hit the scorpion but do no damage.
The scorpion is almost dead.
The scorpion stings you.
* * * LOW HITPOINT WARNING * * *
You punch the scorpion!
You kill the scorpion!
You start resting.
You hear the slow hiss of a very distant avalanche of sand.
Found a ration.
You see here a ration.
You open the door. 2 orcs come into view.
Found 5 gold pieces, a scroll of enchant armour and a chain mail.
You start resting.
You hear the slow hiss of a distant avalanche of sand.
You see here a ration.
You open the door.
An ogre comes into view. It is wielding a giant club.
The ogre shouts!
You hit the ogre.
The ogre is lightly wounded.
The ogre misses you.
You punch the ogre!
The ogre is heavily wounded.
You hit the ogre.
The ogre is heavily wounded.
The ogre closely misses you.
You hit the ogre.
The ogre is heavily wounded.
The ogre barely misses you.
You closely miss the ogre.
The ogre is heavily wounded.
You hit the ogre.
The ogre is severely wounded.
The ogre hits you with a giant club!!
Ouch! That really hurt!
You die...

##+## #...##.#.# #...##.#.#
#...##.#.# #...##.#.# ...
#.#.# #O# #.#.#########
#########@###.#.#.......##
..........................
............#.#.#.#.######
#########.#.#.#.#.[...
.###############.#.#.#.###.###
.'....%..........#...#.# #.#
.##################..#.# #.#
#..#.# #.# ##.#.# #.#


You could see an ogre.

Vanquished Creatures
  A scorpion (D:4)
  A howler monkey (D:3)
  An orc priest (D:3)
  Crazy Yiuf (D:3)
  A gnoll (D:1)
  4 adders (D:3)
  An ooze (D:3)
  A leopard gecko (D:1)
  2 orcs (D:3)
  8 bats
  3 giant cockroaches
  7 goblins
  4 hobgoblins
  8 kobolds
  4 ball pythons
  7 frilled lizards
  7 rats
61 creatures vanquished.

Notes
Turn   | Place    | Note
-------+----------+-------------------------------------------
     0 | D:1      | Amnesiac the Mummy Monk began the quest for the Orb.
     0 | D:1      | Reached XP level 1. HP: 18/18 MP: 1/1
   224 | D:1      | Reached XP level 2. HP: 23/24 MP: 2/2
   283 | D:1      | Reached skill level 3 in Unarmed Combat
   852 | D:2      | Reached XP level 3. HP: 22/29 MP: 3/3
  1185 | D:2      | Found a white marble altar of Elyvilon.
  1186 | D:2      | Found a deep blue altar of Sif Muna.
  1471 | D:2      | Found a blossoming altar of Fedhas.
  2010 | D:3      | Found a runed door.
  2070 | D:3      | HP: 1/29 [adder (5)]
  2071 | D:3      | Reached skill level 4 in Unarmed Combat
  2360 | D:3      | Reached XP level 4. HP: 8/35 MP: 4/4
  3186 | D:3      | Reached XP level 5. HP: 41/41 MP: 5/5
  3280 | D:3      | Found a radiant altar of Vehumet.
  3399 | D:3      | Reached skill level 5 in Unarmed Combat
  3648 | D:3      | Noticed Crazy Yiuf
  3656 | D:3      | Killed Crazy Yiuf
  3689 | D:4      | HP: 2/41 [scorpion (6)]
  3798 | D:4      | Noticed an ogre
  3804 | D:4      | Mangled by an ogre

Vault maps used:
D:1:      mrwooster_arrival_arrow
D:2:      chequers_temple_overflow_statue_of_worship, grunt_ministairs_6,
          serial_bayou_ford_a, minmay_door_square, fedhas_altar_2
D:3:      overflow_temple_1_default, minmay_misc_feat_encased,
          uniq_crazy_yiuf_cottage
D:4:      makhleb_grotto_becter, nicolae_ossuary_entry_catacombs, first_ration,
          serial_shops, nicolae_shop_behind_doors, uniq_sigmund

Skill      XL: |  1  2  3  4  5 |
---------------+----------------+-----
Unarmed Combat | 3 4 5 |  5.5
Fighting       | |  3.0
Dodging        | |  2.4
Stealth        | |  1.5

Action                   |  1- 3 |  4- 6 || total
-------------------------+-------+-------++-------
Melee: Unarmed           |   132 |    85 ||   217
       Punch             |     2 |     1 ||     3
  Use: Scroll            |     8 |     3 ||    11
 Stab: Sleeping          |     6 |       ||     6
Dodge: Dodged            |    81 |    48 ||   129

Table legend:
 A = Spawn XP
 B = Non-spawn XP
 C = Spawn XP percentage of total XP
 D = Spawn monster count
 E = Non-spawn monster count
 F = Spawn count percentage of total count
 G = Total turns spent on level
                    A         B        C        D         E        F      G
               +---------+---------+-------+---------+---------+-------+---------
         Total |       0 |     360 |   0.0 |       0 |      61 |   0.0 |  3804
               +---------+---------+-------+---------+---------+-------+---------
           D:1 |       0 |      39 |   0.0 |       0 |      19 |   0.0 |   867
           D:2 |       0 |      20 |   0.0 |       0 |      14 |   0.0 |  1057
           D:3 |       0 |     229 |   0.0 |       0 |      27 |   0.0 |  1753
           D:4 |       0 |      72 |   0.0 |       0 |       1 |   0.0 |   127
               +---------+---------+-------+---------+---------+-------+---------
